Map: Dusk Towers

Players

ShoWTimE - Winner!

  • Race: Protoss Protoss
  • League: Master

wallfacer (ZhuGeLiang)

  • Race: Zerg Zerg
  • League: Master

Event: DreamHack ZOWIE Open Leipzig

VOD

Have the link to the VOD?

Description

Time

  • Played on: Jan. 22, 2016, 8:21 a.m.
  • Length: 12:23

All games in this series

Show
View Real Time Build Order
Export as new Build Order

ShoWTimE Protoss - Winner!

Build Orders: 1 Gate Expand 

Get SALT Encoding   

  12  0:00  Probe (Chrono Boost)  
  13  0:11  Probe (Chrono Boost)  
  14  0:21  Pylon  
  14  0:22  Probe (Chrono Boost)  
  15  0:39  Gateway, Probe (Chrono Boost)  
  16  0:45  Assimilator  
  16  0:50  Probe (Chrono Boost)  
  17  1:00  Probe (Chrono Boost)  
  19  1:11  Probe (Chrono Boost)  
  19  1:20  Nexus  
  19  1:30  Cybernetics Core  
  19  1:33  Probe (Chrono Boost)  
  20  1:41  Assimilator  
  20  1:44  Probe (Chrono Boost)  
  21  1:52  Pylon  
  21  1:54  Probe (Chrono Boost)  
  22  2:05  Probe (Chrono Boost)  
  23  2:08  Warp Gate  
  23  2:11  Stalker (Chrono Boost)  
  25  2:17  Probe  
  26  2:29  Probe (Chrono Boost)  
  27  2:31  Probe (Chrono Boost)  
  27  2:36  Adept (Chrono Boost)  
  30  2:41  Probe (Chrono Boost)  
  30  2:43  Probe (Chrono Boost)  
  32  2:51  Probe (Chrono Boost)  
  32  2:53  Probe (Chrono Boost)  
  34  3:00  Nexus  
  34  3:03  Probe (Chrono Boost)  
  35  3:08  Adept  
  35  3:09  Probe (Chrono Boost)  
  38  3:14  Mothership Core (Chrono Boost)  
  38  3:18  Pylon  
  40  3:20  Probe (Chrono Boost)  
  41  3:31  Probe (Chrono Boost)  
  41  3:33  Probe (Chrono Boost)  
  43  3:36  Gateway  
  43  3:39  Gateway  
  43  3:41  Probe (Chrono Boost)  
  43  3:43  Pylon  
  43  3:45  Probe (Chrono Boost)  
  45  3:52  Probe (Chrono Boost)  
  45  3:53  Adept  
  49  3:55  Probe (Chrono Boost)  
  49  4:02  Stargate  
  50  4:03  Probe (Chrono Boost)  
  50  4:05  Stargate  
  50  4:07  Probe (Chrono Boost)  
  51  4:12  Probe (Chrono Boost)  
  51  4:13  Probe (Chrono Boost)  
  53  4:17  Probe (Chrono Boost)  
  53  4:18  Assimilator  
  53  4:20  Assimilator  
  53  4:22  Probe (Chrono Boost)  
  53  4:24  Probe (Chrono Boost)  
  56  4:28  Probe (Chrono Boost)  
  57  4:33  Probe (Chrono Boost)  
  57  4:34  Probe (Chrono Boost), Adept x3  
  66  4:38  Probe (Chrono Boost)  
  66  4:43  Probe (Chrono Boost)  
  66  4:45  Probe (Chrono Boost), Pylon  
  68  4:49  Probe (Chrono Boost), Pylon  
  69  4:53  Probe (Chrono Boost)  
  69  4:55  Phoenix (Chrono Boost)  
  69  4:57  Phoenix (Chrono Boost)  
  69  4:58  Probe  
  75  5:02  Probe  
  75  5:04  Probe  
  75  5:05  Pylon  
  77  5:10  Probe  
  77  5:14  Probe  
  79  5:18  Phoenix (Chrono Boost)  
  79  5:19  Phoenix (Chrono Boost)  
  79  5:20  Probe  
  83  5:22  Probe, Assimilator  
  83  5:26  Probe, Assimilator  
  86  5:31  Probe, Robotics Facility  
  86  5:32  Forge  
  86  5:34  Probe  
  88  5:38  Probe  
  88  5:42  Phoenix x2 (Chrono Boost)  
  89  5:48  Twilight Council, Probe  
  89  5:49  Pylon  
  84  5:59  Probe  
  84  6:00  Sentry, Protoss Ground Weapons Level 1 (Chrono Boost), Zealot x2  
  84  6:03  Pylon, Phoenix (Chrono Boost)  
  91  6:05  Phoenix (Chrono Boost)  
  93  6:15  Photon Cannon  
  93  6:16  Observer  
  93  6:18  Pylon  
  93  6:24  Gateway x2  
  94  6:28  Gateway, Charge (Chrono Boost)  
  94  6:34  Zealot  
  94  6:35  Zealot x2  
  100  6:41  Immortal  
  100  6:43  Templar Archives  
  104  6:57  Gateway x2  
  104  7:00  Gateway  
  104  7:04  Pylon  
  104  7:07  Gateway  
  104  7:17  Psionic Storm, Warp Prism  
  104  7:21  High Templar x4  
  114  7:33  Zealot  
  114  7:34  Zealot  
  118  7:39  Pylon  
  118  7:44  Pylon  
  118  7:47  Pylon  
  118  7:48  Immortal  
  118  7:57  Zealot x5  
  118  7:58  Pylon, Zealot x2  
  136  7:59  Protoss Ground Weapons Level 2  
  136  8:13  Nexus  
  136  8:15  Pylon  
  136  8:16  Pylon  
  136  8:22  Immortal  
  136  8:24  Zealot x3  
  136  8:25  Zealot  
  148  8:35  Pylon  
  148  8:37  Pylon  
  148  8:38  Dark Shrine  
  148  8:39  High Templar  
  148  8:40  Pylon, High Templar x3  
  156  8:43  Archon  
  156  8:44  Archon  
  156  8:48  Photon Cannon  
  156  8:51  Pylon  
  156  8:55  Zealot  
  156  8:56  Immortal, Zealot x3  
  156  9:00  Probe x2  
  170  9:08  High Templar x2  
  166  9:12  Pylon  
  166  9:13  Photon Cannon  
  166  9:14  Photon Cannon  
  166  9:17  Photon Cannon  
  166  9:23  High Templar x2  
  166  9:24  Zealot  
  172  9:27  Archon  
  172  9:28  Archon  
  172  9:31  Assimilator  
  172  9:33  Assimilator  
  172  9:37  Zealot x4  
  178  10:03  Dark Templar  
  178  10:04  Immortal, Zealot x3, Dark Templar  
  178  10:05  Zealot x2  
  178  10:06  Zealot  
  194  10:20  Dark Templar, Zealot  
  172  10:27  Fleet Beacon  
  154  10:43  High Templar  
  154  10:44  High Templar  
  154  10:45  Zealot x5  
  154  10:46  Zealot x2  
  164  10:54  Archon  
  160  11:03  Immortal  
  164  11:13  Zealot x3  
  164  11:14  Zealot  
  164  11:15  High Templar x3  
  164  11:16  Zealot x2, High Templar  
  164  11:17  Nexus  
  184  11:19  Pylon  
  184  11:21  Pylon  
  184  11:22  Pylon  
  184  11:38  Tempest x2 (Chrono Boost)  
  192  11:46  Photon Cannon x2  
  192  11:47  Photon Cannon  
  192  11:53  Zealot x4  
  188  12:14  Zealot x2  
  188  12:15  Zealot  
Show
View Real Time Build Order
Export as new Build Order

wallfacer Zerg 

Build Orders: 3 Hatch before Pool, Lurkers 

Get SALT Encoding   

  12  0:01  Drone  
  13  0:12  Overlord  
  13  0:17  Drone  
  14  0:30  Drone x2  
  14  0:34  Drone  
  17  0:53  Hatchery  
  17  0:54  Drone  
  17  1:15  Hatchery  
  16  1:20  Drone  
  17  1:31  Spawning Pool  
  16  1:34  Drone  
  16  1:37  Drone  
  18  1:41  Drone  
  19  1:48  Drone  
  20  1:58  Drone  
  21  2:05  Drone  
  21  2:07  Overlord  
  23  2:15  Drone  
  23  2:17  Queen x2  
  23  2:19  Drone  
  28  2:26  Queen  
  30  2:30  Zergling x2  
  30  2:31  Zergling x2  
  30  2:34  Zergling x2  
  33  2:38  Drone x2  
  33  2:42  Overlord  
  35  2:48  Drone  
  35  2:49  Drone  
  37  2:52  Overlord  
  37  3:02  Drone x3  
  40  3:09  Overlord  
  40  3:12  Drone x2  
  42  3:18  Queen x2  
  46  3:20  Drone  
  46  3:23  Drone x2  
  49  3:31  Drone x5  
  49  3:32  Drone  
  49  3:33  Drone  
  56  3:40  Overlord, Extractor x2  
  54  3:42  Drone x2  
  54  3:44  Drone x2  
  57  3:50  Overlord  
  57  3:58  Drone x7  
  57  4:00  Overlord  
  64  4:04  Spore Crawler  
  64  4:05  Spore Crawler  
  64  4:07  Spore Crawler  
  61  4:10  Overlord  
  61  4:11  Drone  
  61  4:15  Drone  
  61  4:16  Drone x3  
  66  4:22  Drone x3  
  66  4:23  Metabolic Boost  
  69  4:28  Roach Warren  
  68  4:34  Drone x6  
  68  4:37  Drone x2  
  76  4:40  Zergling x4  
  78  4:46  Lair  
  78  4:47  Zergling x8  
  78  4:51  Extractor x2  
  78  4:52  Extractor x2  
  78  4:56  Overlord  
  78  5:01  Evolution Chamber, Overlord  
  78  5:02  Evolution Chamber  
  76  5:09  Roach x3  
  79  5:15  Roach x3  
  79  5:18  Zergling x10  
  87  5:23  Zergling x8  
  88  5:32  Drone  
  88  5:33  Drone x4  
  92  5:36  Drone x4  
  93  5:47  Drone x3  
  95  5:54  Drone x2  
  95  5:59  Zerg Ground Armor Level 1, Zerg Melee Weapons Level 1  
  95  6:02  Drone  
  95  6:03  Drone x2  
  98  6:06  Hatchery  
  98  6:08  Hydralisk Den  
  98  6:10  Drone x2  
  98  6:11  Overlord  
  98  6:19  Overlord x3  
  98  6:21  Overlord  
  98  6:30  Spore Crawler  
  97  6:33  Spore Crawler  
  97  6:34  Spore Crawler  
  97  6:35  Spore Crawler, Drone  
  97  6:36  Spore Crawler  
  97  6:39  Drone  
  91  6:40  Drone  
  91  6:46  Spore Crawler  
  89  6:47  Drone  
  89  6:50  Drone x2  
  89  6:58  Hydralisk x8  
  105  7:03  Drone  
  106  7:10  Hydralisk x5  
  114  7:17  Baneling Nest  
  114  7:20  Drone x2, Hydralisk  
  114  7:21  Hydralisk x2  
  119  7:35  Drone  
  119  7:36  Drone  
  121  7:37  Lurker Den  
  121  7:41  Overlord x3  
  121  7:45  Overlord x2  
  119  8:02  Drone x8  
  119  8:03  Drone x8  
  119  8:04  Zerg Ground Armor Level 2, Zerg Melee Weapons Level 2  
  135  8:17  Roach x8  
  143  8:20  Baneling  
  143  8:21  Baneling x8  
  143  8:24  Roach x2  
  143  8:26  Overlord  
  143  8:31  Roach x3  
  143  8:34  Spore Crawler  
  147  8:35  Glial Reconstitution  
  147  8:37  Zergling x8  
  151  8:51  Extractor  
  151  8:52  Extractor, Zergling x2  
  151  8:53  Zergling x18  
  151  9:11  Drone x2  
  151  9:12  Infestation Pit  
  152  9:20  Overlord  
  152  9:21  Drone x7  
  159  9:29  Lurker x7  
  159  9:31  Zergling x4  
  168  9:32  Overlord x6  
  168  9:38  Spine Crawler x2  
  167  9:39  Baneling x6  
  167  9:40  Spine Crawler, Baneling  
  167  9:41  Spine Crawler  
  167  9:42  Baneling x2  
  167  9:43  Spine Crawler, Queen  
  164  9:45  Zergling x2  
  164  9:46  Zergling x10  
  164  9:47  Baneling x3  
  164  9:48  Baneling  
  164  9:51  Zergling x2  
  171  9:56  Baneling x6  
  171  9:57  Baneling  
  167  10:06  Zergling x2  
  167  10:07  Zergling x10  
  169  10:10  Zergling x2  
  169  10:11  Zergling x2  
  155  10:16  Zergling x14  
  127  10:23  Zergling x4  
  118  10:29  Zergling x4  
  118  10:35  Zergling x4  
  115  10:36  Spire  
  115  10:39  Zergling x4  
  114  10:42  Zergling x2  
  114  10:43  Zergling x2  
  114  10:48  Zergling x2  
  115  10:55  Queen  
  115  10:56  Queen  
  118  11:00  Drone x2  
  118  11:02  Zergling x10  
  125  11:10  Drone x3  
  128  11:20  Queen  
  128  11:21  Drone x7  
  136  11:36  Drone x6  
  142  11:40  Extractor  
  141  11:51  Mutalisk x3  
  138  12:05  Drone  
  138  12:07  Drone x3  

Tags
 
Add a new tag
Caveats
  • Supply blocks, unpowered buildings, or Contaminate may cause inaccurate times.
  • Supply counts are checked every 10 seconds.